 Dungeon Crawl Stone Soup version 0.30-a0-760-g5a9884bb7c (webtiles) character file.

Game seed: 9797783516456652232

118 kae the Digger (level 5, -1/42 HPs)
             Began as a Gargoyle Earth Elementalist on Feb 10, 2023.
             Slain by a river rat (3 damage)
             ... in a sewer.
             The game lasted 00:01:53 (2419 turns).

kae the Digger (Gargoyle Earth Elementalist)        Turns: 2419, Time: 00:01:54

Health: -1/42      AC:  9    Str: 11    XL:     5   Next: 2%
Magic:  0/9        EV: 11    Int: 18    God:
Gold:   122        SH:  0    Dex: 10    Spells: 4/10 levels left

rFire   . . .      SeeInvis .    d - +0 dagger
rCold   . . .      Faith    .    (no shield)
rNeg    + . .      Spirit   .    a - +0 robe
rPois   ∞          Reflect  .    (no helmet)
rElec   +          Harm     .    (no cloak)
rCorr   .          Rampage  .    c - +2 pair of gloves
Will    .....                    (no boots) Stlth
                                 (no amulet)
HPRegen 0.27/turn                (no ring)
MPRegen 0.11/turn                (no ring)

@: berserking, very quick
A: sickness immunity, AC +4, negative energy resistance 1, electricity
resistance, torment resistance 1, petrification resistance
a: no special abilities


You were in a sewer.
You visited 1 branch of the dungeon, and saw 3 of its levels.
You also visited: Sewer.

You collected 122 gold pieces.


Innate Abilities, Weirdness & Mutations

You are immune to sickness and miasma.
Your stone body is resilient. (AC +4)
You are immune to poison.
You resist negative energy. (rN+)
You are resistant to electric shocks. (rElec)
You are resistant to unholy torment.
You are immune to petrification.


   Skills:
 - Level 1.5 Dodging
 - Level 2.1 Stealth
 + Level 3.0 Spellcasting
 * Level 0.3 Conjurations
 - Level 0.7 Transmutations
 * Level 5.8 Earth Magic


You had 4 spell levels left.
You knew the following spells:

 Your Spells              Type           Power      Damage    Failure   Level
a - Sandblast             Erth           46%        2d11      1%          1
b - Stone Arrow           Conj/Erth      26%        3d8       14%         3
c - Passwall              Tmut/Erth      11%        N/A       6%          2

Your spell library contained the following spells:

 Spells                   Type           Power      Damage    Failure   Level
 Petrify                  Tmut/Erth      14%        N/A       38%         4

Inventory:

Hand Weapons
 d - a +0 dagger (weapon)
   (You took it off a goblin on level 1 of the Dungeon)
Missiles
 g - 19 stones
Armour
 a - a +0 robe (worn)
 c - a +2 pair of gloves (worn)
   (You found it on level 1 of the Dungeon)
Scrolls
 h - a scroll of identify {unknown}
Potions
 b - a potion of magic
 f - a potion of cancellation {unknown}
 i - a potion of curing {unknown}

Dungeon Overview and Level Annotations

Branches:
Dungeon (3/15) Zot: 15741   Sewer (1/1) Zot: 5785

Altars:

#.....~~~≈≈~
##.....~≈~~~
##.....~.~~~
##........≈≈.
##........~~≈~
#..#......~~~.
#.###......~~
#∩###......≈~
####@†...~.≈≈
#rr....~≈≈
......~≈≈≈
#.....~~~≈≈
......~~~≈≈
#.......~≈≈≈
#.....~~≈≈≈≈
##....~~~≈≈


You could see 2 river rats.


Message History

The blast of sand hits the rat.
You kill the rat! 😎 MP[-1]
You lost 1 mp, and now have 7/8 mp.
Casting: Sandblast (safe; 1% risk of failure)
Confirm with . or Enter, or press ? or * to list all spells.
Aiming: Sandblast (safe; 1% risk of failure)
Press: ? - help, Shift-Dir - straight line, f - river rat
Aim: a river rat (81% to hit)
The blast of sand hits the river rat. 😎 MP[-1]
You lost 1 mp, and now have 6/8 mp.
Casting: Sandblast (safe; 1% risk of failure)
Confirm with . or Enter, or press ? or * to list all spells.
Aiming: Sandblast (safe; 1% risk of failure)
Press: ? - help, Shift-Dir - straight line, f/p - river rat
Aim: a river rat (heavily wounded, 81% to hit)
The blast of sand hits the river rat.
The river rat bites you. 😕 HP[-4] MP[-1]
You take 4 damage, and now have 20/24 hp.
You lost 1 mp, and now have 5/8 mp.
Casting: Sandblast (safe; 1% risk of failure)
Confirm with . or Enter, or press ? or * to list all spells.
Aiming: Sandblast (safe; 1% risk of failure)
Press: ? - help, Shift-Dir - straight line, f/p - river rat
Aim: a river rat (heavily wounded, 81% to hit)
The blast of sand hits the river rat!
You kill the river rat!
The river rat barely misses you.
The river rat bites you but does no damage.
The river rat bites you.
You have reached level 5! 😮 HP[+1] MP[-1]
You now have 28 max hp (+4).
Unknown command.
Casting: Sandblast (safe; 1% risk of failure)
Confirm with . or Enter, or press ? or * to list all spells.
Aiming: Sandblast (safe; 1% risk of failure)
Press: ? - help, Shift-Dir - straight line, f - river rat
Aim: a river rat (81% to hit)
The blast of sand hits the river rat.
The river rat misses you.
The river rat closely misses you. 😕 HP[+1] MP[-1]
You lost 1 mp, and now have 3/9 mp.
Casting: Sandblast (safe; 1% risk of failure)
Confirm with . or Enter, or press ? or * to list all spells.
Aiming: Sandblast (safe; 1% risk of failure)
Press: ? - help, Shift-Dir - straight line, f/p - river rat
Aim: a river rat (moderately wounded, 81% to hit)
The blast of sand misses the river rat.
The river rat bites you but does no damage.
The river rat bites you! The river rat bites you.
* * * LOW HITPOINT WARNING * * *
The river rat bites you but does no damage. 😨 HP[-11]
You take 11 damage, and now have 11/28 hp.
MASSIVE DAMAGE!! (PAUSE)
Casting: Sandblast (safe; 1% risk of failure)
Confirm with . or Enter, or press ? or * to list all spells.
Aiming: Sandblast (safe; 1% risk of failure)
Press: ? - help, Shift-Dir - straight line, f/p - river rat
Aim: a river rat (moderately wounded, 81% to hit)
The blast of sand misses the river rat.
The river rat closely misses you.
The river rat bites you but does no damage. 😨 MP[-1]
You lost 1 mp, and now have 2/9 mp.
Unknown command.
Casting: Sandblast (safe; 1% risk of failure)
Confirm with . or Enter, or press ? or * to list all spells.
Aiming: Sandblast (safe; 1% risk of failure)
Press: ? - help, Shift-Dir - straight line, f/p - river rat
Aim: a river rat (moderately wounded, 81% to hit)
The blast of sand hits the river rat but does no damage.
The river rat bites you but does no damage.
The river rat bites you.
* * * LOW HITPOINT WARNING * * *
The river rat barely misses you. x2 😱 HP[-5] MP[-1]
You take 5 damage, and now have 6/28 hp.
You lost 1 mp, and now have 1/9 mp.
Unknown command.
Casting: Sandblast (safe; 1% risk of failure)
Confirm with . or Enter, or press ? or * to list all spells.
Aiming: Sandblast (safe; 1% risk of failure)
Press: ? - help, Shift-Dir - straight line, f/p - river rat
Aim: a river rat (moderately wounded, 81% to hit)
The blast of sand misses the river rat.
The river rat bites you.
* * * LOW HITPOINT WARNING * * *
The river rat closely misses you. 😱 HP[-5] MP[-1]
You take 5 damage, and now have 1/28 hp.
You lost 1 mp, and now have 0/9 mp.
It was a potion of berserk rage.
A red film seems to cover your vision as you go berserk!
You feel yourself moving faster!
You feel mighty! The river rat closely misses you.
The river rat barely misses you. 😱 HP[+1]
You now have 42 max hp (+14).
You barely miss the river rat. The river rat bites you.
You die...

Skill      XL: |  1  2  3  4 |
---------------+-------------+-----
Earth Magic    | 4 5 |  5.8
Spellcasting   | 3 |  3.0
Dodging        | |  1.5
Stealth        | |  2.1
Conjurations   | |  0.3
Transmutations | |  0.7

Action                     |  1- 3 |  4- 6 || total
---------------------------+-------+-------++-------
  Melee: Dagger            |       |    27 ||    27
   Cast: Sandblast         |    49 |    28 ||    77
    Use: Scroll            |     5 |       ||     5
         Potion            |       |     1 ||     1
 Armour: Robe              |    12 |    16 ||    28
  Dodge: Dodged            |    15 |    25 ||    40

Levels and vault maps discovered:
D:1:      nzn_arrival_settlement, layout_basic, interstate_on_off,
          nicolae_titane
D:2:      layout_basic
D:3:      layout_basic, gup_sewer_entry_bubbles
Sewer:    sewer_minmay_treatment

Notes
Turn   | Place    | Note
-------+----------+-------------------------------------------
     0 | D:1      | kae the Gargoyle Earth Elementalist began the quest for the
                  | Orb.
     0 | D:1      | Reached XP level 1. HP: 10/10 MP: 3/3
     0 | D:1      | magus.rc [v1.11.3]
   125 | D:1      | Reached skill level 4 in Earth Magic
   130 | D:1      | Reached XP level 2. HP: 15/15 MP: 1/5
   784 | D:1      | Reached XP level 3. HP: 19/19 MP: 4/6
   788 | D:1      | Learned a level 3 spell: Stone Arrow
   791 | D:1      | Learned a level 2 spell: Passwall
  1701 | D:2      | Reached skill level 5 in Earth Magic
  2144 | D:3      | Reached XP level 4. HP: 24/24 MP: 4/8
  2171 | D:3      | Found a glowing drain.
  2214 | Sewer    | Entered a sewer
  2278 | Sewer    | Reached skill level 3 in Spellcasting
  2413 | Sewer    | Reached XP level 5. HP: 21/28 MP: 4/9
  2416 | Sewer    | HP: 6/28 [river rat (6)]
  2417 | Sewer    | HP: 1/28 [river rat (5)]
  2419 | Sewer    | Slain by a river rat

Vanquished Creatures
  4 adders
  3 river rats
  A dart slug (D:2)
  7 ball pythons
  5 endoplasms
  3 giant cockroaches
  5 goblins
  A hobgoblin (D:1)
  2 jackals (D:2)
  8 kobolds
  4 quokkas
  4 bats (D:1)
  A frilled lizard (D:2)
  5 rats
53 creatures vanquished.

Table legend:
 A = Non-vault XP
 B = Vault XP
 C = Vault XP percentage of total XP
 D = Non-vault monster count
 E = Vault monster count
 F = Vault count percentage of total count
                 A         B        C        D         E       F
            +---------+---------+-------+---------+---------+-------
      Total |      74 |      95 |  56.2 |      36 |      17 |  32.1
            +---------+---------+-------+---------+---------+-------
        D:1 |      36 |       0 |   0.0 |      21 |       0 |   0.0
        D:2 |      37 |       0 |   0.0 |      14 |       0 |   0.0
        D:3 |       1 |      61 |  98.4 |       1 |       8 |  88.9
      Sewer |       0 |      34 | 100.0 |       0 |       9 | 100.0
            +---------+---------+-------+---------+---------+-------

Illustrated notes

Table legend:
 A = Kills in this place as a percentage of kills in entire the game.
 B = Kills by you in this place as a percentage of kills by you in the entire game.
 C = Kills by friends in this place as a percentage of kills by friends in the entire game.
 D = Other kills in this place as a percentage of other kills in the entire game.
 E = Experience gained in this place as a percentage of experience gained in the entire game.
 F = Experience gained in this place divided by the number of levels of this place that you have seen.
                   A       B       C       D       E      F
               +-------+-------+-------+-------+-------+----------------------
         Total | 100.0 | 100.0 |   N/A |   N/A | 100.0 |  42.2
       Dungeon |  83.0 |  83.0 |   N/A |   N/A |  79.9 |  45.0
         Sewer |  17.0 |  17.0 |   N/A |   N/A |  20.1 |  34.0
               +-------+-------+-------+-------+-------+----------------------

Table legend: (Time is in decaauts)
 A = Elapsed time spent in this place.
 B = Non-inter-level travel time spent in this place.
 C = Inter-level travel time spent in this place.
 D = Time resting spent in this place.
 E = Time spent auto-exploring this place.
 F = Levels seen in this place.
 G = Mean time per level.
                   A        B        C        D        E       F      G
               +--------+--------+--------+--------+--------+-----+--------+
         Total |   2473 |   2424 |     49 |    119 |   1952 |   4 |  618.2 |
       Dungeon |   2258 |   2209 |     49 |     22 |   1891 |   3 |  752.7 |
         Sewer |    214 |    214 |      0 |     97 |     61 |   1 |  214.0 |
               +--------+--------+--------+--------+--------+-----+--------+

Top non-repeatable levels by time:
     D:2: 1134 daAuts
     D:1: 984 daAuts
   Sewer: 214 daAuts
     D:3: 140 daAuts
